 Dungeon Crawl Stone Soup version 0.29.1-1-gd02db6906a (webtiles) character file.

Game seed: 2403156767937409098

24 juncz the Covert (level 3, 0/35 HPs)
             Began as a Gnoll Delver on Sept 28, 2022.
             Slain by a goblin
             ... wielding a +0 club
             ... led by Robin
              (4 damage)
             ... on level 2 of the Dungeon.
             The game lasted 00:01:09 (253 turns).

juncz the Covert (Gnoll Delver)                      Turns: 253, Time: 00:01:09

Health: 0/35       AC:  3    Str: 11    XL:     3   Next: 2%
Magic:  3/3        EV: 13    Int: 11    God:
Gold:   64         SH:  0    Dex: 13    Spells: 3/3 levels left

rFire   . . .      SeeInvis .   a - +0 hand axe
rCold   . . .      Faith    .   (no shield)
rNeg    . . .      Spirit   .   b - +0 leather armour
rPois   .          Reflect  .   (no helmet)
rElec   .          Harm     .   (no cloak)
rCorr   .          Rampage  .   (no gloves)
Will    .....                   (no boots)
Stlth   ++++......              (no amulet)
HPRegen 0.11/turn               (no ring)
MPRegen 0.08/turn               (no ring)

@: no status effects
A: fangs 1, strong nose, distributed training
a: no special abilities


You were on level 2 of the Dungeon.
You visited 1 branch of the dungeon, and saw 4 of its levels.

You collected 64 gold pieces.

Inventory:

Hand Weapons
 a - a +0 hand axe (weapon)
Armour
 b - a +0 leather armour (worn)
Magical Staves
 h - a staff of conjuration
Wands
 g - a wand of digging (3)
Scrolls
 c - a scroll of fog
 d - a scroll of magic mapping
 e - a scroll of fear
 j - a scroll of teleportation {unknown}
 k - a scroll of noise {unknown}
Potions
 f - a potion of haste
 i - a potion of ambrosia {unknown}


   Skills:
 + Level 6.5 Fighting
 + Level 0.6 Short Blades
 + Level 0.6 Long Blades
 + Level 4.5 Axes
 + Level 0.6 Maces & Flails
 + Level 0.6 Polearms
 + Level 0.6 Staves
 + Level 0.6 Ranged Weapons
 + Level 0.6 Throwing
 + Level 0.6 Armour
 + Level 4.5 Dodging
 + Level 9.5 Stealth
 + Level 0.6 Shields
 + Level 0.6 Unarmed Combat
 + Level 0.6 Spellcasting
 + Level 0.4 Conjurations
 + Level 0.4 Hexes
 + Level 0.4 Summonings
 + Level 0.4 Necromancy
 + Level 0.4 Translocations
 + Level 0.4 Transmutations
 + Level 0.4 Fire Magic
 + Level 0.4 Ice Magic
 + Level 0.4 Air Magic
 + Level 0.4 Earth Magic
 + Level 0.4 Poison Magic
 + Level 0.8 Invocations
 + Level 0.6 Evocations


You had 3 spell levels left.
You didn't know any spells.
Your spell library was empty.

Dungeon Overview and Level Annotations

Branches:
Dungeon (5/15)
 Temple: D:4-7

Altars:

Annotations:
D:2 Robin


Innate Abilities, Weirdness & Mutations

You have very sharp teeth.
Your uncanny sense of smell can sniff out nearby items.
Your experience applies equally to all skills.


Message History

The adder misses you.
The hobgoblin hits you but does no damage.
The goblin hits you with a +0 dagger. The adder bites you.
You are poisoned.
The adder poisons you!
You hit the adder but do no damage.
The adder is almost dead.
You hit the goblin. You completely miss the hobgoblin.
You feel sick. The hobgoblin barely misses you. The goblin closely misses you.
The adder misses you.
You barely miss the adder.
The adder is almost dead.
You closely miss the goblin. You hit the hobgoblin but do no damage.
You feel sick. The adder closely misses you. Robin throws the goblin at you!
The goblin closely misses you. The hobgoblin misses you.
The goblin hits you with a +0 dagger.
You slash the adder!
You kill the adder!
You hit the goblin.
You kill the goblin!
You hit the hobgoblin. You closely miss the goblin.
You feel sick.
The goblin no longer looks unusually strong.
The hobgoblin misses you. The goblin hits you but does no damage.
You hit the hobgoblin.
You kill the hobgoblin!
You closely miss the goblin.
You feel sick. The goblin hits you with a +0 dagger.
* * * LOW HITPOINT WARNING * * *
A hobgoblin comes into view.
You have reached level 3!
Your experience leads to an increase in your attributes!
Increase (S)trength, (I)ntelligence, or (D)exterity?
You feel clever. x2
You hit the goblin. You bite the goblin.
The goblin is heavily wounded.
You hit the goblin.
You feel sick.
You are no longer poisoned.
The hobgoblin no longer looks unusually strong.
The goblin hits you with a +0 club.
You die...

###### #
#....###.## ###
#....#.....
....#####..........
........#..........
......g)g.g>g......
.......@#..$......#
#...!####....#....#
#... #.gg.# #### #.
....g.. ####.#...
#.#g.. ......


You could see Robin, a hobgoblin and 2 goblins.

Vanquished Creatures
  2 adders
  An endoplasm (D:4)
  A goblin (D:2)
  A hobgoblin (D:2)
  2 kobolds (D:4)
7 creatures vanquished.

Notes
Turn   | Place    | Note
-------+----------+-------------------------------------------
     0 | D:5      | Reached skill level 9 in Stealth
     0 | D:5      | juncz the Gnoll Delver began the quest for the Orb.
     0 | D:5      | Reached XP level 1. HP: 23/23 MP: 1/1
    20 | D:4      | Reached XP level 2. HP: 29/29 MP: 2/2
   238 | D:2      | Noticed Robin
   253 | D:2      | Reached XP level 3. HP: 5/35 MP: 3/3
   253 | D:2      | Slain by a goblin

Illustrated notes

Levels and vault maps discovered:
D:2:      layout_basic, uniq_robin, uniq_terence
D:3:      layout_basic, uniq_sigmund
D:4:      layout_loops_corners, kennysheep_little_box, uniq_ijyb
D:5:      layout_basic, mainiacjoe_overflow_catwalk,
          nicolae_yredelemnul_corpse_copse

Skill      XL: | |
---------------+-+-----
Stealth        | |  9.5
Fighting       | |  6.5
Short Blades   | |  0.6
Long Blades    | |  0.6
Axes           | |  4.5
Maces & Flails | |  0.6
Polearms       | |  0.6
Staves         | |  0.6
Ranged Weapons | |  0.6
Throwing       | |  0.6
Armour         | |  0.6
Dodging        | |  4.5
Shields        | |  0.6
Unarmed Combat | |  0.6
Spellcasting   | |  0.6
Conjurations   | |  0.4
Hexes          | |  0.4
Summonings     | |  0.4
Necromancy     | |  0.4
Translocations | |  0.4
Transmutations | |  0.4
Fire Magic     | |  0.4
Ice Magic      | |  0.4
Air Magic      | |  0.4
Earth Magic    | |  0.4
Poison Magic   | |  0.4
Invocations    | |  0.8
Evocations     | |  0.6

Action                   || total
-------------------------++-------
Melee: Hand axe          ||    25
       Bite              ||     3
Armor: Leather armour    ||     7
Dodge: Dodged            ||    29
